 Dungeon Crawl Stone Soup version 0.17.1-2-g5865329 (webtiles) character file.

53 Arexsocan the Gusty (level 3, -3/22 HPs)
             Began as a High Elf Air Elementalist on Jan 15, 2016.
             Was an Initiate of Qazlal.
             Slain by a worker ant (7 damage)
             ... on level 4 of the Dungeon.
             The game lasted 00:14:04 (1251 turns).

Arexsocan the Gusty (High Elf Air Elementalist)     Turns: 1251, Time: 00:14:04

Health: -3/22      AC:  2    Str:  7    XL:     3   Next: 64%
Magic:  0/8        EV: 13    Int: 20    God:    Qazlal [......]
Gold:   98         SH:  0    Dex: 15    Spells: 3 memorised, 3 levels left

rFire  . . .     SeeInvis .     e - +0 dagger
rCold  . . .     Clarity  .     a - +0 robe
rNeg   . . .     SustAt   .     (no shield)
rPois  .         Gourm    .     (no helmet)
rElec  .         Spirit   .     (no cloak)
rCorr  .         Warding  .     (no gloves)
rMut   .         Stasis   .     (no boots)
MR     .....                    (no amulet)
Stlth  ++........               (no ring)
                                (no ring)

@: lethally poisoned (-3 -> -8), sluggish, flying, very slightly contaminated,
very slow, not resistant to hostile enchantments, unstealthy
A: no striking features
a: Renounce Religion


You were on level 4 of the Dungeon.
You worshipped Qazlal.
Qazlal was noncommittal.
You were very hungry.

You visited 1 branch of the dungeon, and saw 3 of its levels.

You collected 98 gold pieces.

Inventory:

Hand Weapons
 e - a +0 dagger (weapon)
Armour
 a - a +0 robe (worn)
 f - a +1 helmet
Scrolls
 g - 2 scrolls of enchant weapon {unknown}
 i - a scroll of remove curse {unknown}
 k - a scroll of blinking {unknown}
Potions
 d - a potion of might {unknown}
 h - a potion of heal wounds {unknown}
 j - 3 potions of curing {unknown}
Books
 b - a book of Air

   Spells                             Type                      Level
   a - Shock                          Conjuration/Air              1
   b - Swiftness                      Charms/Air                   2
   c - Repel Missiles                 Charms/Air                   2
   d - Static Discharge               Conjuration/Air              3
   e - Lightning Bolt                 Conjuration/Air              5
Comestibles
 c - 4 bread rations
 l - a beef jerky


   Skills:
 + Level 0.4 Fighting
 + Level 0.2 Short Blades
 + Level 2.6 Dodging
 + Level 2.5 Stealth
 * Level 3.2 Spellcasting
 * Level 1.9 Conjurations
 + Level 4.0 Air Magic


You had 3 spell levels left.
You knew the following spells:

 Your Spells              Type           Power        Failure   Level  Hunger
a - Shock                 Conj/Air       ###.         4%          1    None
b - Repel Missiles        Chrm/Air       ##....       12%         2    ##.....
c - Swiftness             Chrm/Air       ##......     12%         2    ##.....


Dungeon Overview and Level Annotations

Branches:
Dungeon (4/15)
 Temple: D:4-7

Altars:
Qazlal


Message History

The worker ant barely misses you.
Casting: Shock
Confirm with . or Enter, or press ? or * to list all spells.
Aiming: Shock
Press: ? - help, Shift-Dir - straight line, f/p - worker ant
Aim: a worker ant (almost dead)
The zap misses the worker ant.
You feel sluggish. The worker ant barely misses you.
Casting: Shock
Confirm with . or Enter, or press ? or * to list all spells.
You don't have enough magic to cast that spell.
Unknown command.
Drink which item? (? for menu, Esc to quit)
It was a potion of flight.
You feel very buoyant.
You fly up into the air.
* * * LOW HITPOINT WARNING * * *
You feel sick. The worker ant bites you!
You die...

## #...####.##.##...###
#...# #.# # ...#
##...######.#### #..# .#
.......#.(.....# #..## .####
...............#
###...##..#..
...#.#.#.......#
#...........
.............w####.........#
..##.##....................#
#.#.........<..a@..........#
#..........#######........##
............# #####.....#
..#........# ####.#####..
#.....###.# #..........$
#####.....######
#.########..
####.......#####.#
#.#^.≈§.^^≈.#.#
#..#.....##^§.#


You could see a worm and a worker ant.

Vanquished Creatures
  An ooze (D:2)
  An adder skeleton (D:4)
  A worm (D:2)
  An orc (D:4)
  A ball python (D:1)
  2 giant cockroaches (D:2)
  10 goblins
  8 hobgoblins
  A quokka (D:2)
  5 bats
  A giant newt (D:1)
  3 jackals (D:1)
  4 rats
39 creatures vanquished.

Vanquished Creatures (others)
  4 fungi (D:4)
4 creatures vanquished.

Grand Total: 43 creatures vanquished

Notes
Turn   | Place    | Note
--------------------------------------------------------------
     0 | D:1      | Arexsocan the High Elf Air Elementalist began the quest for the Orb.
     0 | D:1      | Reached XP level 1. HP: 11/11 MP: 4/4
   167 | D:1      | Reached XP level 2. HP: 10/17 MP: 0/6
   648 | D:2      | Reached skill level 4 in Air Magic
   648 | D:2      | Reached XP level 3. HP: 6/21 MP: 6/8
   668 | D:2      | Learned a level 2 spell: Repel Missiles
   671 | D:2      | Learned a level 2 spell: Swiftness
  1094 | D:2      | You fall through a shaft for 2 floors!
  1162 | D:4      | Found a stormy altar of Qazlal.
  1171 | D:4      | Became a worshipper of Qazlal Stormbringer
  1251 | D:4      | Slain by a worker ant

Action                   || total
-------------------------++-------
Melee: Dagger            ||    86
 Cast: Shock             ||    57
       Swiftness         ||     1
  Use: Potion            ||     1
 Stab: Sleeping          ||     2
